 Seeded DCSS version 0.29.1-15-g9cfb28693d (webtiles) character file.

Game seed: 16245865983455551772 (custom seed)

105 Darius099 the Sneak (level 4, -3/29 HPs)
             Began as an Octopode Brigand on Mar 8, 2023.
             Killed by divine providence
             ... invoked by an orc priest
              (15 damage)
             ... on level 3 of the Dungeon.
             The game lasted 00:02:51 (1761 turns).

Darius099 the Sneak (Octopode Brigand)              Turns: 1761, Time: 00:02:53

Health: -3/29      AC:  1    Str: 10    XL:     4   Next: 81%
Magic:  4/4        EV: 16    Int: 28    God:
Gold:   874        SH:  6    Dex: 15    Spells: 3/3 levels left

rFire   . . .      SeeInvis +   a - +2 dagger
rCold   . . .      Faith    .   k - +3 buckler "Doxill" {SInv Stlth+}
rNeg    . . .      Spirit   .   (helmet restricted)
rPois   .          Reflect  .   (no amulet)
rElec   .          Harm     .   h - +6 ring of intelligence
rCorr   .          Rampage  .   i - +6 ring of intelligence
Will    .....                   j - ring of Satisfaction {EV+4 Int+3}
Stlth   +++++.....              (no ring)
HPRegen 0.09/turn               (no ring)
MPRegen 0.09/turn               (no ring)
                                (no ring)
                                (no ring)

@: no status effects
A: almost no armour, amphibious, 8 rings, camouflage 1, gelatinous body 1,
(nimble swimmer 1), tentacles
a: no special abilities


You were on level 3 of the Dungeon.
You visited 1 branch of the dungeon, and saw 3 of its levels.

You collected 874 gold pieces.

Inventory:

Hand Weapons
 a - a +2 dagger (weapon)
Missiles
 b - 11 poisoned darts (quivered)
 c - 3 curare-tipped darts
Armour
 k - the +3 buckler "Doxill" (worn) {SInv Stlth+}
   (You acquired it on level 1 of the Dungeon)

   SInv:      It lets you see invisible.
   Stlth:     It makes you more stealthy.
Jewellery
 h - a +6 ring of intelligence (left tentacle)
 i - a +6 ring of intelligence (right tentacle)
 j - the ring of Satisfaction (on tentacle) {EV+4 Int+3}
   (You acquired it on level 1 of the Dungeon)

   [ring of evasion]

   EV:        It affects your evasion (+4).
   Int:       It affects your intelligence (+3).
Scrolls
 d - a scroll of identify {unknown}
 g - 2 scrolls of teleportation {unknown}
 m - a scroll of summoning {unknown}
 n - a scroll of enchant weapon {unknown}
Potions
 e - a potion of might {unknown}
 f - 2 potions of flight {unknown}
 l - a potion of lignification {unknown}


   Skills:
 - Level 2.0 Fighting
 + Level 3.6 Short Blades
 - Level 2.0 Throwing
 - Level 1.0 Dodging
 + Level 7.0 Stealth


You had 3 spell levels left.
You didn't know any spells.
Your spell library contained the following spells:

 Spells                   Type           Power      Damage    Failure   Level
 Sting                    Tmut/Pois      0%         1d3       16%         1
 Poisonous Vapours        Pois/Air       0%         N/A       22%         2
 Olgreb's Toxic Radiance  Pois           0%         N/A       83%         4


Dungeon Overview and Level Annotations

Branches:
Dungeon (3/15)

Altars:


Innate Abilities, Weirdness & Mutations

You cannot wear most types of armour.
You are amphibious.
You can wear up to eight rings at the same time.
Your skin changes colour to match your surroundings (Stealth+).
Your rubbery body absorbs attacks. (AC +1, EV +1)
((You are camouflaged when in or above water. (Stealth+)))
You have tentacles for arms and can constrict up to eight enemies at once.


Message History

You see here a ball python corpse.
An orc comes into view. It is wielding a +0 trident.
The orc shouts!
The orc closely misses you.
The orc hits you from afar with a +0 trident.
You block the orc's attack.
You barely miss the orc.
The orc shouts!
You grab the orc. You constrict the orc. The orc closely misses you.
You hit the orc.
The orc is moderately wounded.
You constrict the orc. The orc misses you.
You hit the orc.
You kill the orc!
The orc barely misses you.
You hit the orc. You grab the orc.
The orc is lightly wounded.
You constrict the orc, but do no damage.
The orc hits you but does no damage.
You hit the orc but do no damage.
The orc is lightly wounded.
You constrict the orc. You block the orc's attack.
You hit the orc.
You kill the orc!
An orc priest comes into view. It is wielding a +0 dagger.
Things that are here:
a +0 club; 4 poisoned darts; a +0 ring mail You start resting.
An orc priest is nearby!
The orc priest shouts!
You hit the orc priest. You grab the orc priest.
The orc priest is moderately wounded.
You constrict the orc priest. You hit the orc priest.
The orc priest is severely wounded.
You constrict the orc priest.
The orc priest calls down the wrath of Beogh upon you.
Beogh smites you!
Ouch! That really hurt!
You die...

#.#...# #.#.........#
#.#...# #.#.........#
......###.'.........#
..........#.........#
###########.........#
..# #<# #..o....†.##
..# #.# ####'##....#
#.# #.# #.##....# ##
#.# #.# #..@....##
##.### #.# #.#
#..o....†###....# #.#
#.#
#...).....##...#.#
#.# #.#
#....)....††....#
#'###.#
#........##.##...#
...##.# #####+#######
..## ...##.# ##
...'..# ...####


You could see an orc priest.

Vanquished Creatures
  Jessica (D:2)
  Natasha (D:3)
  2 adders
  2 orcs (D:3)
  3 ball pythons
  2 bats
  4 endoplasms (D:1)
  2 goblins (D:1)
  5 hobgoblins
  3 quokkas (D:1)
  A frilled lizard (D:1)
  2 kobolds (D:1)
  5 rats
33 creatures vanquished.

Vanquished Creatures (others)
  2 plants (D:3)
2 creatures vanquished.

Grand Total: 35 creatures vanquished

Notes
Turn   | Place    | Note
-------+----------+-------------------------------------------
     0 | D:1      | Darius099 the Octopode Brigand began the quest for the Orb.
     0 | D:1      | Reached XP level 1. HP: 14/14 MP: 1/1
   213 | D:1      | Reached XP level 2. HP: 19/19 MP: 2/2
   281 | D:1      | Found a faded altar of an unknown god.
   699 | D:1      | Reached skill level 6 in Stealth
   861 | D:1      | Reached XP level 3. HP: 24/24 MP: 3/3
   867 | D:1      | Identified 3 scrolls of acquirement
   867 | D:1      | Acquired the ring of Satisfaction {EV+4 Int+3}
   870 | D:1      | Acquired the +3 buckler "Doxill" {SInv Stlth+}
   879 | D:1      | Acquired 767 gold pieces
   996 | D:2      | Noticed Jessica
  1000 | D:2      | Killed Jessica
  1001 | D:2      | Reached XP level 4. HP: 29/29 MP: 4/4
  1657 | D:3      | Noticed Natasha
  1670 | D:3      | Killed Natasha
  1687 | D:3      | Reached skill level 7 in Stealth
  1761 | D:3      | Killed from afar by an orc priest

Illustrated notes

Levels and vault maps discovered:
D:1:      minmay_arrival_hallway, layout_loops_corners, basic_ecumenical_altar,
          minmay_unequal
D:2:      layout_loops_ring, uniq_jessica
D:3:      layout_basic, serial_shops, nicolae_shop_advertising_works
          [nicolae_subvault_shop_adworks], minmay_shallow_snake_nest,
          uniq_natasha

Skill      XL: |  1  2  3  4 |
---------------+-------------+-----
Stealth        | 6 7 |  7.0
Short Blades   | 3 |  3.6
Fighting       | |  2.0
Throwing       | |  2.0
Dodging        | |  1.0

Action                   |  1- 3 |  4- 6 || total
-------------------------+-------+-------++-------
Melee: Dagger            |    26 |    30 ||    56
       Constrict         |     3 |     9 ||    12
       Tentacles         |     1 |     4 ||     5
  Use: Scroll            |     3 |       ||     3
 Stab: Sleeping          |    18 |     2 ||    20
Armor: Skin              |       |     3 ||     3
Dodge: Dodged            |     5 |    19 ||    24
Block: Buckler           |       |     9 ||     9
